AoeStats
← Daklaps

Arabia

503949890Analyzed
1v1 RM · 28d ago on Sep 3, 2026· 22m 27s· 2 players
Game mode
Random Map
Map size
Tiny (2 player)
Population
200
Speed
Normal
Resources
Standard
Victory
Conquest
Starting age
Dark Age
Ending age
Imperial Age
RankedLock teamsTeams togetherTeam positionsShared explorationLock speedFull tech treeHidden civsTurbo modeCheats
Victory
Defeat
🇺🇸 Armenians · United States
958
+16
🇦🇷 Britons · Argentina
949
-46
Daklaps
11:59 Feudal Age
13:39 Double-Bit Axe
16:34 Man-at-Arms
19:40 Horse Collar
BB
7:00 Loom
10:31 Feudal Age
11:33 Double-Bit Axe
12:21 Man-at-Arms
13:42 Long Swordsman
17:04 Wheelbarrow
16:42 Horse Collar
18:42 Forging
18:23 Arson
20:01 Scale Mail Armor
Connection lost

Rejoining the realm…

Still unreachable

The connection could not be restored.

Session expired

The server has moved on; the page needs a fresh start.